Map: Dusk Towers

Players

황태성

  • Race: Terran Terran
  • League: Diamond

Florencio - Winner!

  • Race: Protoss Protoss
  • League: Platinum

VOD

Have the link to the VOD?

Description

Time

  • Played on: July 9, 2016, 7:47 p.m.
  • Length: 5:48
Show
View Real Time Build Order
Export as new Build Order

황태성 Terran 

Build Orders:  

Get SALT Encoding   

  12  0:00  SCV  
  13  0:13  SCV  
  14  0:17  Supply Depot  
  14  0:26  SCV  
  15  0:39  SCV  
  15  0:41  Barracks  
  16  0:46  Refinery  
  16  0:51  SCV  
  17  1:03  SCV  
  18  1:15  SCV  
  19  1:27  Orbital Command  
  19  1:32  Barracks Reactor  
  19  1:45  Command Center  
  19  1:51  Refinery  
  19  1:55  SCV  
  20  2:10  Marine  
  20  2:11  Marine  
  20  2:14  Factory  
  20  2:15  SCV  
  23  2:26  Supply Depot  
  23  2:48  SCV  
  23  2:51  Marine, Barracks  
  24  2:52  Marine  
  24  2:57  Widow Mine, Starport  
  28  3:04  SCV  
  29  3:07  SCV  
  29  3:12  Marine  
  29  3:18  SCV  
  31  3:20  SCV  
  32  3:27  Widow Mine  
  32  3:30  SCV  
  32  3:32  SCV  
  31  3:34  Medivac  
  36  3:37  Barracks Tech Lab  
  36  3:41  Marine  
  39  3:47  Orbital Command  
  39  3:56  Marine x2  
  39  4:00  Supply Depot  
  41  4:04  SCV  
  42  4:12  Marine  
  42  4:14  Starport Reactor, Marine  
  42  4:15  SCV  
  42  4:16  SCV  
  46  4:19  Factory Tech Lab  
  46  4:23  Engineering Bay  
  46  4:27  SCV  
  46  4:30  Supply Depot  
  47  4:36  Marine x2  
  47  4:38  Marine, Siege Tank  
  47  4:58  Marine  
  41  5:19  Marine  
  29  5:32  SCV x2  
Show
View Real Time Build Order
Export as new Build Order

Florencio Protoss - Winner!

Build Orders:  

Get SALT Encoding   

  12  0:01  Probe (Chrono Boost)  
  13  0:11  Probe (Chrono Boost)  
  14  0:22  Probe (Chrono Boost)  
  15  0:29  Pylon  
  15  0:47  Probe (Chrono Boost), Gateway  
  16  0:52  Assimilator  
  16  0:57  Probe (Chrono Boost)  
  17  1:09  Probe (Chrono Boost)  
  18  1:13  Assimilator  
  18  1:20  Probe (Chrono Boost)  
  19  1:25  Pylon  
  19  1:30  Probe (Chrono Boost)  
  20  1:45  Probe (Chrono Boost)  
  21  1:55  Probe (Chrono Boost)  
  22  2:02  Cybernetics Core  
  22  2:09  Pylon  
  22  2:11  Nexus  
  22  2:27  Gateway  
  22  2:39  Mothership Core (Chrono Boost), Stalker  
  26  2:51  Gateway  
  26  2:58  Gateway  
  26  3:08  Gateway  
  26  3:16  Pylon  
  26  3:17  Stalker  
  28  3:26  Pylon  
  28  3:38  Stalker  
  30  3:45  Stalker  
  32  3:55  Stalker x2  
  36  4:08  Stalker  
  38  4:15  Stalker  
  40  4:25  Stalker x2  
  44  4:38  Stalker  
  46  4:39  Pylon  
  46  4:41  Pylon  
  46  5:09  Stalker  
  46  5:10  Stalker x2  
  46  5:41  Pylon  
  46  5:44  Pylon  
Tags
 
Add a new tag
Caveats
  • Supply blocks, unpowered buildings, or Contaminate may cause inaccurate times.
  • Supply counts are checked every 10 seconds.